 Dungeon Crawl Stone Soup version 0.27-a0-1381-g81fdcbfb23 (webtiles) character file.

Game seed: 10713507485386008069

105 Nattfarinn the Insei (level 4, 0/29 HPs)
             Began as an Octopode Transmuter on June 30, 2021.
             Was an Initiate of Gozag.
             Slain by an ogre (18 damage)
             ... on level 4 of the Dungeon.
             The game lasted 00:04:27 (3740 turns).

Nattfarinn the Insei (Octopode Transmuter)          Turns: 3740, Time: 00:04:28

Health: 0/29       AC:  1    Str: 10    XL:     4   Next: 81%
Magic:  3/7        EV: 13    Int: 15    God:    Gozag
Gold:   169        SH:  0    Dex: 12    Spells: 3/7 levels left

rFire    . . .     SeeInvis .   b - +2 short sword (speed)
rCold    . . .     Faith    .   (no shield)
rNeg     . . .     Spirit   .   (helmet restricted)
rPois    .         Reflect  .   (no amulet)
rElec    .         Harm     .   (no ring)
rCorr    .         Rampage  .   (no ring)
Will     .....                  (no ring)
Stlth    ++........             (no ring)
HPRegen  0.09/turn              (no ring)
MPRegen  0.10/turn              (no ring)
                                (no ring)
                                (no ring)

@: very slightly contaminated
A: almost no armour, amphibious, 8 rings, camouflage 1, gelatinous body 1,
(nimble swimmer 1), tentacles
a: Renounce Religion, Potion Petition, Call Merchant, Bribe Branch


You were on level 4 of the Dungeon.
You worshipped Gozag.
Gozag was aware of your devotion.
You visited 1 branch of the dungeon, and saw 4 of its levels.

You collected 223 gold pieces.
You paid 54 gold pieces to Gozag.

Inventory:

Hand Weapons
 b - a +2 short sword of speed (weapon)
Jewellery
 j - a ring of protection from fire
Scrolls
 d - 2 scrolls of identify {unknown}
 f - a scroll of enchant weapon {unknown}
 h - a scroll of silence {unknown}
 i - 2 scrolls of holy word {unknown}
Potions
 a - 4 potions of heal wounds {unknown}
 c - 3 potions of curing {unknown}
 e - a potion of haste {unknown}
 g - 3 potions of resistance {unknown}
 k - 2 potions of attraction {unknown}
 l - a potion of flight {unknown}
 m - a potion of magic {unknown}


   Skills:
 - Level 1.9 Fighting
 + Level 3.0 Dodging
 - Level 4.0 Unarmed Combat
 - Level 2.0 Spellcasting
 - Level 2.0 Transmutations
 * Level 2.0 Poison Magic


You had 3 spell levels left.
You knew the following spells:

 Your Spells              Type           Power      Damage    Failure   Level
a - Beastly Appendage     Tmut           14%        N/A       10%         1
b - Spider Form           Tmut/Pois      3%         N/A       28%         3

Your spell library contained the following spells:

 Spells                   Type           Power      Damage    Failure   Level
 Wereblood                Tmut           7%         N/A       14%         2
 Ice Form                 Ice/Tmut       4%         N/A       82%         4


Dungeon Overview and Level Annotations

Branches:
Dungeon (4/15)
 Temple: D:4-7

Altars:
Ashenzari
Dithmenos
Gozag
Kikubaaqudgha
Makhleb
Nemelex Xobeh
Sif Muna
Trog
Yredelemnul

Shops:
D:1 ?


Innate Abilities, Weirdness & Mutations

You cannot wear most types of armour.
You are amphibious.
You can wear up to eight rings at the same time.
Your skin changes colour to match your surroundings (Stealth+).
Your rubbery body absorbs attacks. (AC +1, EV +1)
((You are camouflaged near water. (Stealth+)))
You have tentacles for arms and can constrict up to eight enemies at once.


Message History

The gnoll hits you with a +0 whip.
The ogre is distracted by your dazzling golden aura.
You hit the gnoll but do no damage.
The gnoll is poisoned.
Your transformation is almost over.
The gnoll misses you. The gnoll hits you with a +0 whip.
You barely miss the gnoll.
The gnoll is lightly wounded.
The gnoll barely misses you. The gnoll misses you.
You hit the gnoll.
The gnoll is lightly wounded.
The gnoll hits you with a +0 halberd. The gnoll closely misses you.
Your magical contamination has completely faded away.
You barely miss the gnoll.
The gnoll is lightly wounded.
The gnoll barely misses you. The gnoll closely misses you.
The ogre is no longer distracted by gold.
The gnoll misses you.
The gnoll is distracted by your dazzling golden aura.
The gnoll completely misses you.
The gnoll is distracted by your dazzling golden aura.
The gnoll shouts!
You hit the ogre.
The ogre is poisoned.
The ogre is lightly wounded.
Your transformation has ended.
Your +2 short sword of speed unmelds from your body.
Your tentacles tingle!
The ogre closely misses you.
The gnoll is no longer distracted by gold.
The gnoll looks more healthy.
You aren't carrying any items that you can evoke.
The ogre looks more healthy.
Casting: Spider Form (extremely dangerous; 28% risk of failure)
Confirm with . or Enter, or press ? or * to list all spells.
The spell is extremely dangerous to cast (28% risk of failure)!
Continue anyway?
You miscast Spider Form.
You are very lightly contaminated with residual magic.
Nothing appears to happen.
The ogre hits you with a +0 giant club!!
Ouch! That really hurt!
You die...
Your body crumbles into a pile of gold.

.............##.# #.#g#
#............##.###.#.#
................[.....#
.............##.###.###
#.#..####....##.# #g#
................###.#
#.#..##.............#
#.#..##.##...##.###.#
.....##.##......@O..#
#.#..##.##.#.##.#####
#.#..##.##.#.....#
.....##.##.####. #
.........#.# ##.#
###..##.##.# #
#..##.##.. #..#### ####


You could see an ogre.

Vanquished Creatures
  A gnoll (D:4)
  2 adders
  3 worms
  6 ball pythons
  8 bats
  6 endoplasms
  A giant cockroach (D:1)
  5 goblins
  7 hobgoblins
  9 jackals
  3 quokkas
  3 frilled lizards (D:1)
  4 kobolds
  5 rats
63 creatures vanquished.

Notes
Turn   | Place    | Note
-------+----------+-------------------------------------------
     0 | D:1      | Nattfarinn the Octopode Transmuter began the quest for the
                  | Orb.
     0 | D:1      | Reached XP level 1. HP: 13/13 MP: 3/3
    48 | D:1      | Reached XP level 2. HP: 9/18 MP: 5/5
   555 | D:1      | Reached XP level 3. HP: 10/23 MP: 6/6
   810 | D:1      | Found Keamoymn's Magic Scroll Shoppe.
  1507 | D:2      | Reached skill level 4 in Unarmed Combat
  1542 | D:2      | Reached XP level 4. HP: 25/29 MP: 7/7
  1584 | D:2      | Learned a level 3 spell: Spider Form
  2064 | D:2      | Reached skill level 1 in Poison Magic
  2226 | D:2      | Found a faded altar of an unknown god.
  2394 | D:3      | Found a shadowy altar of Dithmenos.
  2447 | D:3      | Found a burning altar of Makhleb.
  3073 | D:3      | Found a sparkling altar of Nemelex Xobeh.
  3077 | D:3      | Found a broken altar of Ashenzari.
  3077 | D:3      | Found a shimmering blue altar of Sif Muna.
  3077 | D:3      | Found an ancient bone altar of Kikubaaqudgha.
  3077 | D:3      | Found a bloodstained altar of Trog.
  3080 | D:3      | Found a basalt altar of Yredelemnul.
  3170 | D:3      | Found an opulent altar of Gozag.
  3300 | D:3      | Became a worshipper of Gozag Ym Sagoz the Greedy
  3690 | D:4      | Noticed an ogre
  3740 | D:4      | Slain by an ogre

Illustrated notes

Levels and vault maps discovered:
D:1:      ebering_trefoil_3fold, layout_rooms, serial_shops, shop,
          serial_bayou_pond_e, minmay_tripent
D:2:      layout_loops_corners, ebering_ecumenical_altar_hall, minmay_between
D:3:      layout_basic, minitemple, general_overflow_altar,
          grunt_dithmenos_smoke
D:4:      layout_basic, goddamned_bats

Skill      XL: |  1  2  3  4 |
---------------+-------------+-----
Unarmed Combat | 4 |  4.0
Poison Magic   | 2 |  2.0
Dodging        | 3 |  3.0
Fighting       | |  1.9
Spellcasting   | |  2.0
Transmutations | |  2.0

Action                   |  1- 3 |  4- 6 || total
-------------------------+-------+-------++-------
Melee: Unarmed           |    12 |    10 ||    22
       Constrict         |    16 |    11 ||    27
       Tentacles         |    10 |    10 ||    20
       Short sword       |    79 |    46 ||   125
 Cast: Spider Form       |       |     1 ||     1
 Stab: Sleeping          |     7 |     5 ||    12
Armor: Skin              |     8 |     4 ||    12
Dodge: Dodged            |    53 |    36 ||    89

Table legend: (Time is in decaauts)
 A = Elapsed time spent in this place.
 B = Non-inter-level travel time spent in this place.
 C = Inter-level travel time spent in this place.
 D = Time resting spent in this place.
 E = Time spent auto-exploring this place.
 F = Levels seen in this place.
 G = Mean time per level.
                   A        B        C        D        E       F      G
               +--------+--------+--------+--------+--------+-----+--------+
         Total |   3704 |   3475 |    229 |    702 |   2377 |   4 |  926.0 |
       Dungeon |   3704 |   3475 |    229 |    702 |   2377 |   4 |  926.0 |
               +--------+--------+--------+--------+--------+-----+--------+

Top non-repeatable levels by time:
     D:3: 1258 daAuts
     D:2: 1173 daAuts
     D:1: 1101 daAuts
     D:4: 171 daAuts
